 Dungeon Crawl Stone Soup version 0.29.1-1-gd02db69 (webtiles) character file.

Game seed: 12305632289613371030

14527 Timinator the Nimble (level 12, -6/97 HPs)
             Began as a Gnoll Monk on Jan 14, 2023.
             Was the Champion of Okawaru.
             Mangled by a spriggan rider
             ... wielding a +0 spear
              (15 damage)
             ... on level 10 of the Dungeon.
             The game lasted 00:49:39 (13595 turns).

Timinator the Nimble (Gnoll Monk)                  Turns: 13595, Time: 00:49:40

Health: -6/97      AC: 15    Str: 14    XL:     12   Next: 17%
Magic:  22/22      EV: 16    Int: 10    God:    Okawaru [******]
Gold:   317        SH:  0    Dex: 18    Spells: 25/25 levels left

rFire   + + .      SeeInvis .   C - +8 long sword "Didoshy" {flame, rF+ rN+ Dex+2 Stlth+}
rCold   + . .      Faith    .   (no shield)
rNeg    + + .      Spirit   .   N - +1 ring mail {rPois}
rPois   +          Reflect  .   (no helmet)
rElec   .          Harm     .   F - +2 cloak
rCorr   .          Rampage  .   E - +2 pair of gloves
Will    .....                   S - +0 pair of boots
Stlth   ++++......              H - amulet of the acrobat
HPRegen 0.26/turn               r - ring of positive energy
MPRegen 0.18/turn               b - ring of protection from cold

@: mighty, invisible
A: fangs 1, strong nose, distributed training, fire resistance 1
a: Renounce Religion, Heroism, Finesse, Duel


You were on level 10 of the Dungeon.
You worshipped Okawaru.
Okawaru was exalted by your worship.
You visited 2 branches of the dungeon, and saw 11 of its levels.

You collected 640 gold pieces.
You spent 323 gold pieces at shops.

Inventory:

Hand Weapons
 C - the +8 long sword "Didoshy" (weapon) {flame, rF+ rN+ Dex+2 Stlth+}
   (You found it on level 3 of the Dungeon)

   It burns those it strikes, dealing additional fire damage.
   Big, fiery blades are also staple armaments of hydra-hunters.
   Dex:       It affects your dexterity (+2).
   rF:        It protects you from fire.
   rN:        It protects you from negative energy.
   Stlth:     It makes you more stealthy.
Missiles
 h - 28 poisoned darts (quivered)
 j - 2 atropa-tipped darts
 x - 2 silver javelins
 z - 7 javelins
Armour
 A - +0 acid dragon scales
 E - a +2 pair of gloves (worn)
 F - a +2 cloak (worn)
 N - a +1 ring mail of poison resistance (worn)
 S - a +0 pair of boots (worn)
Jewellery
 b - a ring of protection from cold (right hand)
 r - a ring of positive energy (left hand)
 H - an amulet of the acrobat (around neck)
 I - a +6 ring of dexterity
Wands
 y - a wand of light (10)
 J - a wand of iceblast (15)
 T - a wand of flame (30)
Scrolls
 f - 2 scrolls of identify
 i - 2 scrolls of fear
 l - 2 scrolls of vulnerability {unknown}
 m - 3 scrolls of blinking
 n - 2 scrolls of poison {unknown}
 o - a scroll of summoning {unknown}
 s - 2 scrolls of brand weapon {unknown}
 t - a scroll of torment {unknown}
 u - 2 scrolls of teleportation
 w - 4 scrolls of fog {unknown}
 B - 4 scrolls of magic mapping
 K - a scroll of acquirement {unknown}
 M - a scroll of enchant weapon {unknown}
 O - a scroll of amnesia
 Q - 2 scrolls of silence {unknown}
Potions
 a - 2 potions of haste
 c - a potion of ambrosia
 d - 4 potions of brilliance
 e - 2 potions of cancellation
 g - 2 potions of resistance
 k - 3 potions of mutation
 p - a potion of attraction
 v - a potion of flight
 D - 3 potions of curing
 L - a potion of magic
 P - 2 potions of lignification
 R - a potion of heal wounds
 U - a potion of berserk rage {unknown}


   Skills:
 + Level 9.9 Fighting
 + Level 9.9 Short Blades
 + Level 7.3 Long Blades
 + Level 7.3 Axes
 + Level 7.3 Maces & Flails
 + Level 7.3 Polearms
 + Level 7.3 Staves
 + Level 7.3 Ranged Weapons
 + Level 7.3 Throwing
 + Level 7.3 Armour
 + Level 9.9 Dodging
 + Level 8.5 Stealth
 + Level 7.3 Shields
 + Level 7.3 Unarmed Combat
 + Level 7.3 Spellcasting
 + Level 6.0 Conjurations
 + Level 6.0 Hexes
 + Level 6.0 Summonings
 + Level 6.0 Necromancy
 + Level 6.0 Translocations
 + Level 6.0 Transmutations
 + Level 6.0 Fire Magic
 + Level 6.0 Ice Magic
 + Level 6.0 Air Magic
 + Level 6.0 Earth Magic
 + Level 6.0 Poison Magic
 + Level 8.0 Invocations
 + Level 7.3 Evocations


You had 25 spell levels left.
You didn't know any spells.
Your spell library contained the following spells:

 Spells                   Type           Power      Damage    Failure   Level
 Conjure Flame            Conj/Fire      15%        6-21      9%          3
 Ignite Poison            Fire/Tmut/Pois 15%        N/A       9%          3
 Portal Projectile        Hex/Tloc       30%        N/A       9%          3
 Sticky Flame             Conj/Fire      15%        2d4       28%         4
 Blade Hands              Tmut           7%         N/A       61%         5
 Dispersal                Tloc           7%         N/A       99%         6
 Disjunction              Tloc           7%         N/A       100%        8
 Tukima's Dance           Hex            Unusable   N/A       N/A         3

Dungeon Overview and Level Annotations

Branches:
Dungeon (10/15)            Temple (1/1) D:4
   Lair: D:8-11         Orc: D:9-12

Altars:
Ashenzari
Cheibriados
Dithmenos
Elyvilon
Fedhas
Gozag
Hepliaklqana
Kikubaaqudgha
Makhleb
Nemelex Xobeh
Okawaru
Qazlal
Ru
Sif Muna
Uskayaw
Vehumet
Wu Jian
Xom
Zin
The Shining One

Shops:
D:4 (   D:7 =*[*   D:9 :

Annotations:
D:10 zxspectator's ghost, journeyman GrFi


Innate Abilities, Weirdness & Mutations

You have very sharp teeth.
Your uncanny sense of smell can sniff out nearby items.
Your experience applies equally to all skills.
Your flesh is heat resistant. (rF+)


Message History

You hit zxspectator's ghost but do no damage.
You bite zxspectator's ghost, but do no damage.
Zxspectator's ghost is lightly damaged.
Zxspectator's ghost closely misses you. The spriggan rider misses you.
You hit zxspectator's ghost but do no damage.
Your punch misses zxspectator's ghost.
Zxspectator's ghost is lightly damaged.
Zxspectator's ghost hits you!
The spriggan rider hits you from afar with a +0 spear!
You completely miss zxspectator's ghost.
Zxspectator's ghost is lightly damaged.
Zxspectator's ghost hits you.
The spriggan rider hits you from afar with a +0 spear!
You feel very mighty all of a sudden. Zxspectator's ghost closely misses you.
The spriggan rider hits you from afar with a +0 spear!
You hit zxspectator's ghost but do no damage.
Zxspectator's ghost is lightly damaged.
Zxspectator's ghost hits you.
* * * LOW HITPOINT WARNING * * *
Zxspectator's ghost freezes you.
* * * LOW HITPOINT WARNING * * *
The spriggan rider hits you from afar with a +0 spear.
* * * LOW HITPOINT WARNING * * *
You fade into invisibility!
Zxspectator's ghost says, "You must not succeed where I failed!"
Zxspectator's ghost closely misses you.
The spriggan rider hits you from afar with a +0 spear!
* * * LOW HITPOINT WARNING * * *
You catch the helpless zxspectator's ghost completely off-guard!
You slash zxspectator's ghost! You burn zxspectator's ghost.
Zxspectator's ghost is moderately damaged.
Zxspectator's ghost completely misses you.
The spriggan rider barely misses you.
You closely miss zxspectator's ghost.
Zxspectator's ghost is moderately damaged.
Zxspectator's ghost hits you.
* * * LOW HITPOINT WARNING * * *
The spriggan rider hits you from afar with a +0 spear!
You die...

♣..!♣♣'....# #..# #.....#
♣.$.#i...# #..# #.....#
#.. ♣hP..♣#⌠...# #..#
#.....# #.. ♣♣.♣.$##...#
#..# #.....####..
♣♣♣.##..# #..#
#........... ####### ♣♣
#..# #..###...........
......# ####..#
#................ ......#
#.##.i###..........#####.
......#
#....iiW@..........# #.
......#
#....h###.###......# #.
......# #..#..# #.#
#..###.# #. ....^.#
#..#..# #.# #..# #.#####.
......# #..#..# #.# #..#
#....... ......###..#..#
#.# #..# #.......
...........#..# #.# #..#
#....... ...........#..#
#.# #..# #.......
...........#..# #.# #..#
#.......


You could see a spriggan rider, a black bear (unable to see you), 2 spriggans
and zxspectator's ghost (unable to see you).

Vanquished Creatures
  Snorg (D:10)
  A boulder beetle (D:9)
  A centaur warrior (D:10)
  3 two-headed ogres
  Pikel (D:4)
  2 hornets
  2 trolls (D:9)
  Grinder (D:4)
  Sigmund (D:3)
  A shadow (D:10)
  3 wyverns
  21 yaks
  A wraith (D:10)
  A steam dragon (D:7)
  2 acid dragons
  2 water moccasins
  2 orc warriors
  2 sky beasts
  3 ice beasts
  A black bear (D:6)
  2 ogres
  6 centaurs
  A phantom (D:6)
  A lemure (D:4)
  Blork the orc (D:5)
  5 kobold brigands
  5 bullfrogs
  3 scorpions
  A gnoll sergeant (D:9)
  2 necrophages
  10 wights
  16 killer bees
  8 howler monkeys
  3 jellies
  4 hounds
  Crazy Yiuf (D:3)
  2 orc priests
  2 gnoll boudas
  8 orc wizards
  Ijyb (D:5)
  2 iguanas
  19 gnolls
  10 adders
  A shadow imp (D:7)
  A white imp (D:5)
  An ufetubus (D:7)
  3 worms
  8 dart slugs
  24 orcs
  6 endoplasms
  4 giant cockroaches
  6 goblins
  7 hobgoblins
  8 jackals
  3 quokkas
  5 ball pythons
  4 bats
  3 frilled lizards
  18 kobolds
  4 rats
271 creatures vanquished.

Vanquished Creatures (others)
  An orc (D:7)
  A fungus (D:10)
  2 plants (D:10)
4 creatures vanquished.

Grand Total: 275 creatures vanquished

Notes
Turn   | Place    | Note
-------+----------+-------------------------------------------
     0 | D:1      | Timinator the Gnoll Monk began the quest for the Orb.
     0 | D:1      | Reached XP level 1. HP: 23/23 MP: 1/1
   314 | D:1      | Reached XP level 2. HP: 29/29 MP: 2/2
   915 | D:2      | Reached XP level 3. HP: 35/35 MP: 3/3
   937 | D:2      | Found a faded altar of an unknown god.
  1417 | D:2      | Reached skill level 1 in Invocations
  1683 | D:2      | Reached skill level 1 in Long Blades
  1683 | D:2      | Reached skill level 1 in Axes
  1683 | D:2      | Reached skill level 1 in Maces & Flails
  1683 | D:2      | Reached skill level 1 in Polearms
  1683 | D:2      | Reached skill level 1 in Staves
  1683 | D:2      | Reached skill level 1 in Ranged Weapons
  1683 | D:2      | Reached skill level 1 in Throwing
  1683 | D:2      | Reached skill level 1 in Armour
  1683 | D:2      | Reached skill level 1 in Shields
  1683 | D:2      | Reached skill level 1 in Unarmed Combat
  1683 | D:2      | Reached skill level 1 in Spellcasting
  1683 | D:2      | Reached skill level 1 in Evocations
  1706 | D:2      | Reached XP level 4. HP: 41/41 MP: 5/5
  2164 | D:3      | Reached skill level 1 in Conjurations
  2164 | D:3      | Reached skill level 1 in Hexes
  2164 | D:3      | Reached skill level 1 in Summonings
  2164 | D:3      | Reached skill level 1 in Necromancy
  2164 | D:3      | Reached skill level 1 in Translocations
  2164 | D:3      | Reached skill level 1 in Transmutations
  2164 | D:3      | Reached skill level 1 in Fire Magic
  2164 | D:3      | Reached skill level 1 in Ice Magic
  2164 | D:3      | Reached skill level 1 in Air Magic
  2164 | D:3      | Reached skill level 1 in Earth Magic
  2164 | D:3      | Reached skill level 1 in Poison Magic
  2268 | D:3      | Noticed Sigmund
  2283 | D:3      | Killed Sigmund
  2284 | D:3      | Reached XP level 5. HP: 9/47 MP: 5/7
  2284 | D:3      | Reached XP level 6. HP: 11/53 MP: 5/8
  2652 | D:3      | Found a faded altar of an unknown god.
  2657 | D:3      | Found an ornate altar of the Wu Jian Council.
  2991 | D:3      | Found a runed translucent door.
  2992 | D:3      | Noticed Crazy Yiuf
  3007 | D:3      | Killed Crazy Yiuf
  3206 | D:3      | Identified the +8 long sword "Didoshy" {flame, rF+ rN+
                  | Dex+2 Stlth+}
  3385 | D:4      | Found Cukann's Antique Weapon Emporium.
  3595 | D:4      | Reached XP level 7. HP: 60/60 MP: 10/10
  3667 | D:4      | Noticed Pikel
  3712 | D:4      | Killed Pikel
  3713 | D:4      | Reached skill level 5 in Stealth
  3713 | D:4      | Reached XP level 8. HP: 18/67 MP: 10/12
  4032 | D:4      | Identified the +2 ring mail of Prudence {rElec rCorr}
  4465 | D:4      | Noticed Grinder
  4475 | D:4      | Paralysed by Grinder for 3 turns
  4482 | D:4      | Killed Grinder
  4675 | D:4      | Found a staircase to the Ecumenical Temple.
  4803 | Temple   | Entered the Ecumenical Temple
  4823 | Temple   | Gained mutation: You have hidden genetic potential. [potion
                  | of mutation]
  4823 | Temple   | Gained mutation: Your flesh is heat resistant. (rF+)
                  | [potion of mutation]
  4823 | Temple   | Lost mutation: You have hidden genetic potential. [potion
                  | of mutation]
  5031 | Temple   | Became a worshipper of Warmaster Okawaru
  5031 | Temple   | Reached * piety under Okawaru
  5031 | Temple   | Reached ** piety under Okawaru
  5066 | D:5      | Entered Level 5 of the Dungeon
  5229 | D:5      | Noticed Blork the orc
  5235 | D:5      | Killed Blork the orc
  5596 | D:5      | Reached XP level 9. HP: 60/73 MP: 13/15
  5701 | D:5      | Noticed Ijyb
  5708 | D:5      | Killed Ijyb
  6167 | D:6      | Reached *** piety under Okawaru
  6672 | D:7      | Reached skill level 5 in Invocations
  6809 | D:7      | Found Ymuntof's Assorted Antiques.
  6810 | D:7      | Found Naneneocw's Jewellery Shoppe.
  6814 | D:7      | Found Wiecuacs's Antique Armour Shoppe.
  6815 | D:7      | Found Guufix's Assorted Antiques.
  6999 | D:7      | Bought a scroll labelled UCROTISIOS for 32 gold pieces
  6999 | D:7      | Bought a scroll labelled TYROUFOKHLUAQ for 32 gold pieces
  7004 | D:7      | Bought a runed ring mail for 259 gold pieces
  7079 | D:7      | Found a shimmering blue altar of Sif Muna.
  7302 | D:7      | Received a gift from Okawaru
  7329 | D:7      | Reached skill level 5 in Long Blades
  7329 | D:7      | Reached skill level 5 in Axes
  7329 | D:7      | Reached skill level 5 in Maces & Flails
  7329 | D:7      | Reached skill level 5 in Polearms
  7329 | D:7      | Reached skill level 5 in Staves
  7329 | D:7      | Reached skill level 5 in Ranged Weapons
  7329 | D:7      | Reached skill level 5 in Throwing
  7329 | D:7      | Reached skill level 5 in Armour
  7329 | D:7      | Reached skill level 5 in Shields
  7329 | D:7      | Reached skill level 5 in Unarmed Combat
  7329 | D:7      | Reached skill level 5 in Spellcasting
  7329 | D:7      | Reached skill level 5 in Evocations
  7329 | D:7      | Reached XP level 10. HP: 52/81 MP: 17/17
  7786 | D:7      | Reached **** piety under Okawaru
  9771 | D:9      | Found Abohaz's Book Shop.
  9851 | D:9      | Noticed a two-headed ogre
  9853 | D:9      | Noticed a boulder beetle
  9865 | D:9      | Killed a two-headed ogre
  9865 | D:9      | Reached ***** piety under Okawaru
  9882 | D:9      | Reached skill level 5 in Conjurations
  9882 | D:9      | Reached skill level 5 in Hexes
  9882 | D:9      | Reached skill level 5 in Summonings
  9882 | D:9      | Reached skill level 5 in Necromancy
  9882 | D:9      | Reached skill level 5 in Translocations
  9882 | D:9      | Reached skill level 5 in Transmutations
  9882 | D:9      | Reached skill level 5 in Fire Magic
  9882 | D:9      | Reached skill level 5 in Ice Magic
  9882 | D:9      | Reached skill level 5 in Air Magic
  9882 | D:9      | Reached skill level 5 in Earth Magic
  9882 | D:9      | Reached skill level 5 in Poison Magic
  9893 | D:9      | Reached XP level 11. HP: 22/89 MP: 20/20
 10540 | D:9      | Found a sacrificial altar of Ru.
 11105 | D:9      | Killed a boulder beetle
 11105 | D:9      | Received a gift from Okawaru
 11123 | D:9      | Received a gift from Okawaru
 11751 | D:9      | Found a hazy altar of Hepliaklqana.
 11751 | D:9      | Noticed a two-headed ogre
 11752 | D:9      | Killed a two-headed ogre
 12038 | D:10     | Entered Level 10 of the Dungeon
 12103 | D:10     | Found a shadowy altar of Dithmenos.
 12183 | D:10     | Reached ****** piety under Okawaru
 12191 | D:10     | Received a gift from Okawaru
 12457 | D:10     | Found a snail-covered altar of Cheibriados.
 12565 | D:10     | Noticed a centaur warrior
 12587 | D:10     | Killed a centaur warrior
 12828 | D:10     | Noticed a two-headed ogre
 12840 | D:10     | Killed a two-headed ogre
 12840 | D:10     | Received a gift from Okawaru
 12841 | D:10     | Reached XP level 12. HP: 38/97 MP: 22/22
 13264 | D:10     | Received a gift from Okawaru
 13335 | D:10     | Noticed Snorg
 13353 | D:10     | Killed Snorg
 13569 | D:10     | Found a runed translucent door.
 13570 | D:10     | Noticed zxspectator's ghost (journeyman GrFi)
 13572 | D:10     | Identified the +5 spear of the Equinox {holy, +Blink rPois
                  | Will- Dex+2}
 13595 | D:10     | Mangled by a spriggan rider

Illustrated notes

Levels and vault maps discovered:
D:1:      evilmike_arrival_crescent, layout_rooms
D:2:      minmay_diamond_boxcup, layout_basic,
          shapermc_ecumenical_altar_mp_ritualfount
D:3:      kennysheep_big_flooded_room, layout_loops_ring,
          nicolae_overflow_ecumenical_swirl, chequers_serial_rivers_large_a,
          minmay_pentomino_pile, uniq_sigmund, uniq_crazy_yiuf_cottage
D:4:      layout_basic, temple_green, serial_shops, shop, grunt_tough_drop,
          uniq_grinder, uniq_pikel
D:5:      layout_gridville, serial_glass, glass_columns_a, glass_columns_a,
          due_unseen_surprise, minmay_strange_pillars, feat_on_display,
          uniq_blork_the_orc, uniq_ijyb
D:6:      layout_gridville
D:7:      minmay_bubble_buster, layout_rooms, overflow_temple_1_default,
          minmay_shop_grid_forest
D:8:      layout_basic, grunt_ministairs_5
D:9:      cheibrodos_barr_body, layout_stronghold, old_standard_altar,
          mainiacjoe_overflow_alcove_4, serial_shops,
          nicolae_shop_advertising_works [nicolae_subvault_shop_adworks],
          blue_anna_alchemist
D:10:     layout_long_grid, nicolae_overflow_quartered_altars,
          ebering_ghost_funeral_grove, st_stairs_6, uniq_snorg
Temple:   eino_narrow_crystal_temple

Skill      XL: |  1  2  3  4  5  6  7  8  9 10 11 12 |
---------------+-------------------------------------+-----
Invocations    | 1 2 3 4 5 6 7 8 |  8.0
Long Blades    | 1 2 3 4 5 6 7 |  7.3
Axes           | 1 2 3 4 5 6 7 |  7.3
Maces & Flails | 1 2 3 4 5 6 7 |  7.3
Polearms       | 1 2 3 4 5 6 7 |  7.3
Staves         | 1 2 3 4 5 6 7 |  7.3
Ranged Weapons | 1 2 3 4 5 6 7 |  7.3
Throwing       | 1 2 3 4 5 6 7 |  7.3
Armour         | 1 2 3 4 5 6 7 |  7.3
Shields        | 1 2 3 4 5 6 7 |  7.3
Unarmed Combat | 1 2 3 4 5 6 7 |  7.3
Spellcasting   | 1 2 3 4 5 6 7 |  7.3
Evocations     | 1 2 3 4 5 6 7 |  7.3
Conjurations   | 1 2 3 4 5 6 |  6.0
Hexes          | 1 2 3 4 5 6 |  6.0
Summonings     | 1 2 3 4 5 6 |  6.0
Necromancy     | 1 2 3 4 5 6 |  6.0
Translocations | 1 2 3 4 5 6 |  6.0
Transmutations | 1 2 3 4 5 6 |  6.0
Fire Magic     | 1 2 3 4 5 6 |  6.0
Ice Magic      | 1 2 3 4 5 6 |  6.0
Air Magic      | 1 2 3 4 5 6 |  6.0
Earth Magic    | 1 2 3 4 5 6 |  6.0
Poison Magic   | 1 2 3 4 5 6 |  6.0
Fighting       | 7 8 9 |  9.9
Short Blades   | 7 8 9 |  9.9
Dodging        | 7 8 9 |  9.9
Stealth        | 5 6 7 8 |  8.5

Action                   |  1- 3 |  4- 6 |  7- 9 | 10-12 || total
-------------------------+-------+-------+-------+-------++-------
Melee: Short sword       |    30 |       |       |       ||    30
       Dagger            |    83 |    98 |   392 |   600 ||  1173
       Bite              |     8 |    11 |    57 |    99 ||   175
       Punch             |       |     3 |    17 |    32 ||    52
       Long sword        |       |       |       |    41 ||    41
Throw: Javelin           |       |       |    13 |    15 ||    28
       Dart              |       |       |    15 |    46 ||    61
       Throwing net      |       |       |       |     1 ||     1
Evoke: Wand              |       |       |       |     6 ||     6
  Use: Potion            |       |     2 |     2 |     5 ||     9
       Scroll            |       |     7 |     7 |     4 ||    18
 Stab: Sleeping          |    12 |    12 |     7 |     4 ||    35
       Invisible         |       |     1 |       |     4 ||     5
       Distracted        |       |     1 |     1 |     1 ||     3
Armor: Robe              |    12 |     9 |     1 |       ||    22
       Ring mail         |       |       |    66 |   135 ||   201
Dodge: Dodged            |    45 |    32 |   207 |   355 ||   639
